 Seeded DCSS version 0.29-a0-378-gc08b2e8bf8 (webtiles) character file.

Game seed: 13605594255664981076 (custom seed)

35 thiscave3701365 the Chopper (level 3, -1/49 HPs)
             Began as a Minotaur Berserker on May 4, 2022.
             Was a Follower of Trog.
             Slain by a gnoll
             ... wielding a +0 spear
              (3 damage)
             ... on level 2 of the Dungeon.
             The game lasted 00:00:40 (1247 turns).

thiscave3701365 the Chopper (Minotaur Berserker)    Turns: 1247, Time: 00:00:40

Health: -1/49      AC:  2    Str: 23    XL:     3   Next: 16%
Magic:  2/2        EV: 12    Int:  4    God:    Trog [*.....]
Gold:   70         SH:  0    Dex:  9    Spells: 2/2 levels left

rFire   . . .      SeeInvis .   a - +0 hand axe
rCold   . . .      Faith    .   (no shield)
rNeg    . . .      Spirit   .   b - +0 animal skin
rPois   .          Reflect  .   (helmet restricted)
rElec   .          Harm     .   (no cloak)
rCorr   .          Rampage  .   (no gloves)
Will    .....                   (no boots)
Stlth   ..........              (no amulet)
HPRegen 0.16/turn               (no ring)
MPRegen 0.08/turn               (no ring)

@: berserking (expiring), very quick
A: horns 2, retaliatory headbutt
a: Renounce Religion, Berserk


You were on level 2 of the Dungeon.
You worshipped Trog.
Trog was aware of your devotion.
You visited 1 branch of the dungeon, and saw 2 of its levels.

You collected 70 gold pieces.

Inventory:

Hand Weapons
 a - a +0 hand axe (weapon)
Armour
 b - a +0 animal skin (worn)
Scrolls
 d - a scroll of immolation {unknown}
 e - a scroll of identify {unknown}
 g - a scroll of blinking {unknown}
 h - a scroll of fog {unknown}
 i - a scroll of vulnerability {unknown}
Potions
 c - a potion of brilliance {unknown}
 f - a potion of haste {unknown}


   Skills:
 - Level 4.2 Fighting
 + Level 4.5 Axes
 - Level 2.5 Armour
 - Level 2.4 Dodging


You had 2 spell levels left.
You didn't know any spells.
Your spell library was empty.

Dungeon Overview and Level Annotations

Branches:
Dungeon (2/15)

Altars:


Innate Abilities, Weirdness & Mutations

You have a pair of horns on your head.
You reflexively headbutt those who attack you in melee.


Message History

You open the door.
A gnoll comes into view. It is wielding a +0 club.
The gnoll shouts!
You hear a shout! x2 3 gnolls come into view.
The gnoll shouts! x3
There is an open door here.
There are monsters nearby!
Unknown command.
The gnoll hits you with a +0 club.
There are monsters nearby!
You barely miss the gnoll. The gnoll hits you with a +0 club!
There are monsters nearby!
Unknown command.
You are too injured to fight recklessly!
You are too injured to fight recklessly!
A red film seems to cover your vision as you go berserk!
You feel yourself moving faster!
You feel mighty! The gnoll barely misses you. You furiously retaliate!
You headbutt the gnoll!
You kill the gnoll!
Trog accepts your kill.
The gnoll hits you from afar with a +0 spear.
* * * LOW HITPOINT WARNING * * *
You have reached level 3!
Your experience leads to an increase in your attributes!
Increase (S)trength, (I)ntelligence, or (D)exterity?
You feel stronger. x2
You feel a strong urge to attack something.
The gnoll hits you from afar with a +0 spear!
* * * LOW HITPOINT WARNING * * *
The gnoll hits you with a +0 club.
* * * LOW HITPOINT WARNING * * *
You barely miss the gnoll. Your headbutt misses the gnoll.
You barely miss the gnoll.
A ball python comes into view.
The ball python hisses angrily.
You slash the gnoll!
The gnoll is heavily wounded.
You barely miss the gnoll.
The gnoll hits you from afar with a +0 spear.
You die...

#....S #....#
####....#
..##....##
#.##.....#
#.##..g..# ...
#.##g....# ...#
#..#####.##@g...#
...#
#.>.......'.....#
...#
#######.###.....#
...# #....#.#
......# ...#
#.##.#.#.#######
...####.##.#.#.
...'....##.#.#
...#######.#.#
....#......#.#


You could see 3 gnolls and a ball python.

Vanquished Creatures
  A gnoll (D:2)
  An endoplasm (D:1)
  2 giant cockroaches (D:1)
  2 goblins (D:1)
  A hobgoblin (D:1)
  3 jackals (D:1)
  4 ball pythons
  2 frilled lizards
  3 kobolds (D:1)
  5 rats
24 creatures vanquished.

Notes
Turn   | Place    | Note
-------+----------+-------------------------------------------
     0 | D:1      | thiscave3701365 the Minotaur Berserker began the quest for
                  | the Orb.
     0 | D:1      | Reached XP level 1. HP: 19/19 MP: 0/0
   563 | D:1      | Found a faded altar of an unknown god.
   621 | D:1      | Reached XP level 2. HP: 27/27 MP: 1/1
  1245 | D:2      | Reached XP level 3. HP: 15/33 MP: 2/2
  1245 | D:2      | HP: 2/49 [gnoll/+0 club (6)]
  1247 | D:2      | Slain by a gnoll

Illustrated notes

Levels and vault maps discovered:
D:1:      wander_arrival_lonely_grave, layout_basic,
          ebering_ecumenical_altar_rust
D:2:      layout_basic, minmay_misc_feat_tower, grunt_decor_mini_mirrors

Skill      XL: |  1  2 |
---------------+-------+-----
Fighting       | 4 |  4.2
Axes           | 4 |  4.5
Armour         | |  2.5
Dodging        | |  2.4

Action                   || total
-------------------------++-------
Melee: Hand axe          ||    37
       Headbutt          ||     4
Invok: Berserk           ||     3
Armor: Animal skin       ||     3
Dodge: Dodged            ||    24

Table legend: (Time is in decaauts)
 A = Elapsed time spent in this place.
 B = Non-inter-level travel time spent in this place.
 C = Inter-level travel time spent in this place.
 D = Time resting spent in this place.
 E = Time spent auto-exploring this place.
 F = Levels seen in this place.
 G = Mean time per level.
                   A        B        C        D        E       F      G
               +--------+--------+--------+--------+--------+-----+--------+
         Total |   1267 |   1232 |     35 |    324 |    786 |   2 |  633.5 |
       Dungeon |   1267 |   1232 |     35 |    324 |    786 |   2 |  633.5 |
               +--------+--------+--------+--------+--------+-----+--------+

Top non-repeatable levels by time:
     D:1: 1132 daAuts
     D:2: 134 daAuts
